 Dungeon Crawl Stone Soup version 0.32-a0-329-ge6c31236d6 (webtiles) character file.

Game seed: 7481348787206773717

8542 yey the Cleaver (level 11, -9/97 HPs)
             Began as a Mountain Dwarf Monk on Feb 16, 2024.
             Was a Priest of Beogh.
             Mangled by Morun the orc apostle
             ... wielding the +8 morningstar of Tartarus {vamp, rF- rC+ rN+ Str+2}
              (10 damage)
             ... on level 10 of the Dungeon.
             The game lasted 00:22:50 (10146 turns).

yey the Cleaver (Mountain Dwarf Monk)              Turns: 10146, Time: 00:22:51

Health: -9/97      AC: 21    Str: 18    XL:     11   Next: 11%
Magic:  16/16      EV: 12    Int:  9    God:    Beogh [***...]
Gold:   262        SH:  0    Dex: 16    Spells: 10/10 levels left

rFire   + + .        B - +0 battleaxe (vamp)
rCold   + . .        (shield currently unavailable)
rNeg    . . .        b - +1 ring mail {rF+}
rPois   +            f - +2 helmet
rElec   +            n - +2 cloak
rCorr   +            k - +2 pair of gloves
SInv    .            m - +2 pair of boots
Will    +....        (no amulet)
Stlth   +            (no ring)
HPRegen 0.36/turn    (no ring)
MPRegen 0.15/turn

%: clarity
@: lethally poisoned (-9 -> -10), resistant
A: runic magic, artefact enchanting, agile 1, clarity, sturdy frame 1
a: Renounce Religion, Smiting, Recall Apostles, Dismiss Spirok, warrior


You were on level 10 of the Dungeon.
You worshipped Beogh.
Beogh was most pleased with you.
You visited 2 branches of the dungeon, and saw 11 of its levels.

You collected 585 gold pieces.
You spent 323 gold pieces at shops.

Inventory:

Hand Weapons
 B - a +0 vampiric battleaxe (weapon)
Missiles
 e - 46 poisoned darts
 g - 68 stones (quivered)
 x - a throwing net
Armour
 b - a +1 ring mail of fire resistance (worn)
 d - an orb of light
 f - a +2 helmet (worn)
 k - a +2 pair of gloves (worn)
 m - a +2 pair of boots (worn)
 n - a +2 cloak (worn)
 D - a +0 hat of willpower
Jewellery
 r - a ring of fire
Wands
 j - a wand of charming (11)
 l - a wand of iceblast (2)
 u - a wand of flame (8)
 C - a wand of mindburst (6)
Scrolls
 h - 3 scrolls of teleportation
 i - a scroll of vulnerability
 o - 3 scrolls of blinking
 p - a scroll of revelation
 q - a scroll of enchant armour
 s - a scroll of amnesia {unknown}
 w - a scroll of fear
 y - a scroll of acquirement {unknown}
 z - a scroll of silence {unknown}
Potions
 a - a potion of invisibility
 c - a potion of ambrosia
 t - a potion of attraction
 A - a potion of enlightenment


   Skills:
 + Level 9.3 Fighting
 + Level 10.2 Axes
 - Level 3.0 Throwing
 + Level 8.6 Armour
 - Level 2.1 Dodging
 + Level 8.6 Shields
 + Level 7.6 Invocations


You had 10 spell levels left.
You didn't know any spells.
Your spell library contained the following spells:

 Spells                   Type           Power      Damage    Failure   Level
 Freeze                   Ice            0%         1d3       38%         1
 Magic Dart               Conj           0%         1d3       38%         1
 Sandblast                Erth           0%         2d4       38%         1
 Blink                    Tloc           0%         N/A       54%         2
 Call Imp                 Summ           0%         N/A       54%         2
 Dazzling Flash           Conj/Hex       0%         N/A       77%         3
 Frozen Ramparts          Ice            0%         1d1       77%         3
 Hailstorm                Conj/Ice       0%         3d5       77%         3
 Mephitic Cloud           Conj/Alch/Air  0%         N/A       77%         3
 Passwall                 Erth           0%         N/A       77%         3
 Stone Arrow              Conj/Erth      0%         3d7       77%         3
 Animate Dead             Necr           0%         N/A       99%         4
 Brom's Barrelling Bould  Conj/Erth      0%         2d3       99%         4
 Borgnjor's Vile Clutch   Necr/Erth      0%         N/A       100%        5
 Curse of Agony           Necr           0%         N/A       100%        5
 Silence                  Hex/Air        0%         N/A       100%        5
 Death Channel            Necr           0%         N/A       100%        6


Dungeon Overview and Level Annotations

Branches:
Dungeon (10/15)            Temple (1/1) D:4            Lair (0/5) D:10
    Orc: D:9-12

Altars:
Ashenzari
Cheibriados
Dithmenos
Elyvilon
Fedhas
Gozag
Hepliaklqana
Kikubaaqudgha
Makhleb
Nemelex Xobeh
Okawaru
Qazlal
Ru
Sif Muna
Trog
Uskayaw
Vehumet
Wu Jian
Xom
Yredelemnul
Zin
The Shining One

Shops:
D:7 ?

Annotations:
D:6 1 runed translucent door, Asa's ghost, novice TrFi


Innate Abilities, Weirdness & Mutations

Your facial features are unmistakably orcish.
Your spellcasting is much less encumbered by armour.
You can use scrolls of enchantment on lesser artefacts.
You are agile. (Dex +4, Str/Int -1)
You possess an exceptional clarity of mind.
Your movements are slightly less encumbered by armour. (ER -2)


Message History

The water moccasin bites you but does no damage.
You barely miss Morun.
Morun is heavily wounded.
You hit the water moccasin. You hit the yak but do no damage.
You feel sick.
Morun drops twin branches and they both wriggle to life!
The yak gores you but does no damage. The water moccasin bites you.
Spirok hits Morun with a +3 dire flail of holy wrath.
The water moccasin bites you but does no damage.
Morun mumbles some strange prayers to Beogh against you.
Beogh smites you!
* * * LOW HITPOINT WARNING * * *
The yak gores you!
* * * LOW HITPOINT WARNING * * *
It was a potion of resistance.
You feel protected.
You feel sick.
The water moccasin turns back into a lifeless stick!
Spirok hits Morun with a +3 dire flail of holy wrath.
The water moccasin closely misses you.
The water moccasin bites Spirok.
Morun completely misses you. The yak gores you but does no damage.
You hit the yak but do no damage.
The yak is severely wounded.
You miss Morun. You hit the water moccasin.
You feel sick.
The water moccasin closely misses Spirok.
The water moccasin bites you but does no damage.
Spirok closely misses the water moccasin.
The yak misses you. Morun misses you.
Spirok hits the water moccasin with a +3 dire flail of holy wrath.
The water moccasin bites Spirok but does no damage.
The water moccasin closely misses you.
You hit Morun.
Morun is severely wounded.
You barely miss the yak. You miss the water moccasin.
You feel sick.
The water moccasin bites Spirok.
The water moccasin bites you but does no damage.
The yak gores you!
* * * LOW HITPOINT WARNING * * *
Morun hits you with the +8 morningstar of Tartarus {vamp, rF- rC+ rN+ Str+2}!
You die...
Beogh appreciates Morun's killing of a heretic priest.

.... .. .... ... ....
.... #...######. ....###
#...#.<.##. .......
#...#...### .......####
#...#...### ......YSoS#
#...#...#.#
......†@o.####...#...#.#
.......†.........#.).#.#
.##########......')).#.#
#......#.).#.#
#......#####.#
#............#
#............#
..............#
..###...........


You could see Morun the orc apostle (divinely empowered), a yak, 2 water
moccasins and the friendly Spirok the orc apostle.

Vanquished Creatures
  Gastronok (D:10)
  A two-headed ogre (D:8)
  Maurice (D:7)
  Joseph (D:7)
  An elephant (D:10)
  3 wyverns
  6 yaks
  3 black bears
  3 ogres
  3 centaurs
  4 kobold brigands (D:9)
  2 bullfrogs
  A gnoll sergeant (D:10)
  2 scorpions
  8 wights
  7 killer bees
  10 howler monkeys
  An electric eel (D:9)
  3 lava snakes (D:9)
  3 orc priests
  3 jellies
  A gnoll bouda (D:4)
  2 sleepcaps (D:5)
  7 hounds
  An iguana (D:5)
  3 orc wizards
  9 gnolls
  5 adders
  A shadow imp (D:7)
  3 white imps
  2 ufetubi (D:6)
  A dart slug (D:1)
  A ribbon worm (D:2)
  23 orcs
  6 bats
  6 endoplasms
  2 giant cockroaches
  5 goblins
  12 hobgoblins
  4 jackals (D:5)
  4 quokkas
  7 ball pythons
  2 frilled lizards (D:3)
  22 kobolds
  3 rats
199 creatures vanquished.

Vanquished Creatures (collateral kills)
  4 yaks
  2 orc warriors (D:10)
  3 killer bees (D:10)
  An orc wizard (D:10)
  A gnoll (D:10)
  2 orcs (D:10)
13 creatures vanquished.

Vanquished Creatures (others)
  A wight (D:6)
  An orc (D:7)
2 creatures vanquished.

Grand Total: 214 creatures vanquished

Notes
Turn   | Place    | Note
-------+----------+-------------------------------------------
     0 | D:1      | yey the Mountain Dwarf Monk began the quest for the Orb.
     0 | D:1      | Reached XP level 1. HP: 19/19 MP: 1/1
   253 | D:1      | Reached XP level 2. HP: 15/26 MP: 2/2
   502 | D:1      | Reached skill level 1 in Shields
   542 | D:1      | Reached skill level 1 in Armour
  1148 | D:2      | Reached skill level 4 in Axes
  1148 | D:2      | Reached XP level 3. HP: 31/31 MP: 3/3
  1203 | D:2      | Reached skill level 1 in Throwing
  1470 | D:2      | Reached XP level 4. HP: 37/40 MP: 4/4
  2570 | D:3      | Reached XP level 5. HP: 46/46 MP: 5/5
  2896 | D:4      | Found a staircase to the Ecumenical Temple.
  2917 | D:4      | Noticed a black bear
  2926 | D:4      | Killed a black bear
  2962 | Temple   | Entered the Ecumenical Temple
  3291 | D:5      | Entered Level 5 of the Dungeon
  3319 | D:5      | Reached XP level 6. HP: 48/53 MP: 6/6
  3418 | D:4      | Reached skill level 5 in Axes
  3663 | D:4      | Reached XP level 7. HP: 52/60 MP: 7/7
  3881 | D:5      | Reached skill level 5 in Fighting
  4686 | D:5      | Reached skill level 6 in Axes
  4709 | D:5      | Reached XP level 8. HP: 44/69 MP: 8/8
  6193 | D:6      | Reached skill level 5 in Armour
  6229 | D:6      | Found a runed translucent door.
  6235 | D:6      | Noticed Asa's ghost (novice TrFi)
  6346 | D:6      | Reached skill level 5 in Shields
  6493 | D:6      | Gained mutation: You are agile. (Dex +4, Str/Int -1)
                  | [potion of mutation]
  6493 | D:6      | Gained mutation: You possess an exceptional clarity of
                  | mind. [potion of mutation]
  6493 | D:6      | Gained mutation: Your movements are slightly less
                  | encumbered by armour. (ER -2) [potion of mutation]
  6508 | D:6      | Reached skill level 7 in Axes
  6819 | D:7      | Became a worshipper of Beogh the Shepherd
  6819 | D:7      | Reached * piety under Beogh
  6819 | D:7      | Reached ** piety under Beogh
  6947 | D:7      | Found a sparkling altar of Nemelex Xobeh.
  7027 | D:7      | Noticed Maurice
  7046 | D:7      | Something stole 8 poisoned darts
  7050 | D:7      | Something stole an orb of light
  7068 | D:7      | Found Nisuefup's Magic Scroll Emporium.
  7078 | D:7      | Killed Maurice
  7079 | D:7      | Reached skill level 1 in Invocations
  7079 | D:7      | Reached XP level 9. HP: 53/78 MP: 0/10
  7108 | D:7      | Bought a scroll of blinking for 82 gold pieces
  7108 | D:7      | Bought a scroll of blinking for 82 gold pieces
  7108 | D:7      | Bought a scroll of enchant armour for 82 gold pieces
  7108 | D:7      | Bought a scroll of teleportation for 33 gold pieces
  7108 | D:7      | Bought a scroll of fear for 44 gold pieces
  7328 | D:7      | Noticed Joseph
  7345 | D:7      | Killed Joseph
  7648 | D:7      | Reached skill level 8 in Axes
  8109 | D:8      | Noticed a two-headed ogre
  8120 | D:8      | Killed a two-headed ogre
  8503 | D:8      | Found a snail-covered altar of Cheibriados.
  8643 | D:8      | Found a glowing silver altar of Zin.
  8947 | D:9      | Reached skill level 5 in Invocations
  8947 | D:9      | Reached XP level 10. HP: 86/88 MP: 13/13
  8986 | D:9      | Reached skill level 9 in Axes
  9103 | D:9      | Found a faded altar of an unknown god.
  9103 | D:9      | Found a shadowy altar of Dithmenos.
  9110 | D:9      | Found a blossoming altar of Fedhas.
  9112 | D:9      | Found a broken altar of Ashenzari.
  9113 | D:9      | Found an iron altar of Okawaru.
  9123 | D:9      | Reached *** piety under Beogh
  9142 | D:9      | Noticed Spirok
  9190 | D:9      | Anointed Spirok the warrior as your apostle
  9821 | D:10     | Entered Level 10 of the Dungeon
  9855 | D:10     | Noticed Gastronok
  9869 | D:10     | Killed Gastronok
 10032 | D:10     | Found a staircase to the Lair.
 10032 | D:10     | Noticed an elephant
 10038 | D:10     | Killed an elephant
 10040 | D:10     | Reached skill level 10 in Axes
 10094 | D:10     | Reached XP level 11. HP: 89/97 MP: 16/16
 10128 | D:10     | Identified the +8 morningstar of Tartarus {vamp, rF- rC+
                  | rN+ Str+2}
 10128 | D:10     | Noticed Morun
 10146 | D:10     | HP: 1/97 [yak (10)]
 10146 | D:10     | Mangled by Morun the orc apostle

Illustrated notes

Levels and vault maps discovered:
D:1:      lemuel_arrival_lava_pool, layout_basic
D:2:      layout_basic
D:3:      layout_basic
D:4:      layout_basic, minmay_temple_entry_stoned_glass, solitary_fountain,
          chequers_serial_rivers_small_a
D:5:      layout_layer_cave, minmay_misc_feat_hallway, kennysheep_generic_room_2
D:6:      layout_loops_corners, ebering_ghost_reflecting_pool,
          serial_bayou_crossing
D:7:      layout_layer_cave, amcnicky_altar_gilded, serial_shops,
          nicolae_shop_trees, corexii_hall_statues_x, uniq_joseph, uniq_maurice
D:8:      layout_loops_ring, mainiacjoe_overflow_alcove_2, cheibriados_altar_1
D:9:      layout_big_octagon, chequers_temple_overflow_minitemple,
          chequers_serial_rivers_marsh, serial_bayou_pond_b,
          hangedman_abyss_or_decor_passed, st_stairs_2,
          kennysheep_generic_room_8
D:10:     layout_irregular_city, david_lair_generic, serial_shops, shop,
          uniq_nergalle, uniq_psyche, uniq_gastronok
Temple:   hellmonk_temple_two_chambers

Skill      XL: |  1  2  3  4  5  6  7  8  9 10 |
---------------+-------------------------------+-----
Shields        | 1 2 3 4 5 7 8 |  8.6
Armour         | 1 2 3 4 5 7 8 |  8.6
Axes           | 4 5 6 7 8 10 | 10.2
Throwing       | 1 2 3 |  3.0
Fighting       | 4 5 6 8 9 |  9.3
Invocations    | 1 5 7 |  7.6
Dodging        | |  2.1

Action                     |  1- 3 |  4- 6 |  7- 9 | 10-12 || total
---------------------------+-------+-------+-------+-------++-------
  Melee: Hand axe          |    84 |   252 |   229 |       ||   565
         Battleaxe         |       |       |   161 |   173 ||   334
  Throw: Stone             |       |     2 |    18 |       ||    20
         Dart              |       |       |     8 |       ||     8
 Invoke: Smiting           |       |       |     1 |       ||     1
         Convert to Beogh  |       |       |     1 |       ||     1
         Recruit Apostle   |       |       |       |     1 ||     1
  Evoke: Wand              |       |     2 |    15 |     3 ||    20
    Use: Scroll            |     1 |     5 |    10 |     1 ||    17
         Potion            |       |     9 |     3 |     3 ||    15
   Stab: Sleeping          |       |       |     1 |       ||     1
 Armour: Robe              |    41 |       |       |       ||    41
         Ring mail         |    13 |   261 |   402 |   265 ||   941
  Dodge: Dodged            |    56 |   205 |   263 |   193 ||   717

Table legend: (Time is in decaauts)
 A = Elapsed time spent in this place.
 B = Non-inter-level travel time spent in this place.
 C = Inter-level travel time spent in this place.
 D = Time resting spent in this place.
 E = Time spent auto-exploring this place.
 F = Levels seen in this place.
 G = Mean time per level.
                   A        B        C        D        E       F      G
               +--------+--------+--------+--------+--------+-----+--------+
         Total |  10267 |   9807 |    460 |   1030 |   6560 |  11 |  933.4 |
       Dungeon |  10265 |   9805 |    460 |   1030 |   6560 |  10 | 1026.5 |
        Temple |      1 |      1 |      0 |      0 |      0 |   1 |    1.0 |
               +--------+--------+--------+--------+--------+-----+--------+

Top non-repeatable levels by time:
     D:5: 1717 daAuts
     D:7: 1406 daAuts
     D:4: 1151 daAuts
     D:6: 1125 daAuts
     D:1: 1046 daAuts
     D:2: 983 daAuts
     D:9: 961 daAuts
     D:8: 808 daAuts
     D:3: 728 daAuts
    D:10: 336 daAuts
  Temple: 1 daAuts
